APL (24 & UNDER)
MONTGOMERY GREY SOX @ BEAVERTON BRONZE SOULS
04/20/2030
 
TOP OF THE 1ST
Montgomery Grey Sox batting - Pitching for Beaverton Bronze Souls : RHP Wei-liang Zhuan
Pitching: RHP Wei-liang Zhuan
Batting: LHB Ron Young 0-0: Ball
1-0: Ball
2-0: Fly out, F9 (Flyball, 9S)
Batting: RHB Randall James 0-0: Ball
1-0: Ball
2-0: Ball
3-0: Called Strike
3-1: Base on Balls
Batting: RHB Marvin Kidd 0-0: Called Strike
0-1: Ball
1-1: Called Strike
1-2: SINGLE (Line Drive, 7LS)
Randall James to second
Batting: RHB Pedro Castro 0-0: Called Strike
0-1: Foul Ball, location: 2F
0-2: Ball
1-2: Ball
2-2: Strikes out swinging
Batting: LHB José Castillo 0-0: Ball
1-0: Called Strike
1-1: Swinging Strike
1-2: Ball
2-2: Foul Ball, location: 2F
2-2: Strikes out looking
Top of the 1st over - 0 runs, 1 hit, 0 errors, 2 left on base; Montgomery 0 - Beaverton 0
BOTTOM OF THE 1ST
Beaverton Bronze Souls batting - Pitching for Montgomery Grey Sox : LHP Pete Shirley
Pitching: LHP Pete Shirley
Batting: RHB Armando García 0-0: Swinging Strike
0-1: Foul Ball, location: 2F
0-2: Ball
1-2: Ball
2-2: Ground out 1-3 (Groundball, 13)
Batting: RHB Owen Parra 0-0: Ball
1-0: Called Strike
1-1: Ball
2-1: Foul Ball, location: 2F
2-2: Ball
3-2: Base on Balls
Batting: RHB Steve Smith 0-0: Ball
1-0: Called Strike
1-1: Ball
2-1: Fly out, F7 (Flyball, 7)
Batting: RHB Marshall Gross 0-0: Foul Ball, location: 2F
0-1: Ball
1-1: Ball
2-1: Foul Ball, location: 2F
2-2: Ball
3-2: Strikes out looking
Bottom of the 1st over - 0 runs, 0 hits, 0 errors, 1 left on base; Montgomery 0 - Beaverton 0
TOP OF THE 2ND
Montgomery Grey Sox batting - Pitching for Beaverton Bronze Souls : RHP Wei-liang Zhuan
Batting: LHB Marcos Féliz 0-0: Foul Ball, location: 2F
0-1: Called Strike
0-2: Ball
1-2: Ground out 4-3 (Groundball, 4)
Batting: RHB Andrew Lewis 0-0: Ball
1-0: SINGLE (Groundball, 6MD)
Batting: RHB Joe LaFontaine 0-0: Ball
1-0: Ball
2-0: Ball
3-0: Base on Balls
Andrew Lewis to second
Batting: RHB Julius Farmer 0-0: Called Strike
0-1: SINGLE (Line Drive, 34)
Andrew Lewis to third
Joe LaFontaine to second
Batting: LHB Ron Young 0-0: Swinging Strike
0-1: DOUBLE (Groundball, 3L)
Andrew Lewis scores
Joe LaFontaine scores
Julius Farmer to third
Batting: RHB Randall James 0-0: Ball
1-0: Foul Ball, location: 2F
1-1: Ball
2-1: Ball
3-1: Foul Ball, location: 2F
3-2: Strikes out looking
Batting: RHB Marvin Kidd 0-0: Ball
1-0: Ball
2-0: Ball
3-0: Called Strike
3-1: Swinging Strike
3-2: Strikes out swinging
Top of the 2nd over - 2 runs, 3 hits, 0 errors, 2 left on base; Montgomery 2 - Beaverton 0
BOTTOM OF THE 2ND
Beaverton Bronze Souls batting - Pitching for Montgomery Grey Sox : LHP Pete Shirley
Batting: RHB Luis Carranza 0-0: DOUBLE (Line Drive, 78D)
Batting: RHB Nathan Smith 0-0: Called Strike
0-1: Swinging Strike
0-2: Ball
1-2: Foul Ball, location: 2F
1-2: Ground out 1-3 (Groundball, 15S)
Batting: RHB Salvador Castro 0-0: Ball
1-0: Called Strike
1-1: Foul Ball, location: 2F
1-2: Strikes out swinging
Batting: RHB Ricardo López 0-0: Called Strike
0-1: Ball
1-1: Ball
2-1: Foul Ball, location: 2F
2-2: Ball
3-2: Foul Ball, location: 2F
3-2: Ground out 1-3 (Groundball, 13)
Bottom of the 2nd over - 0 runs, 1 hit, 0 errors, 1 left on base; Montgomery 2 - Beaverton 0
TOP OF THE 3RD
Montgomery Grey Sox batting - Pitching for Beaverton Bronze Souls : RHP Wei-liang Zhuan
Batting: RHB Pedro Castro 0-0: Ball
1-0: Swinging Strike
1-1: Foul Ball, location: 2F
1-2: Ball
2-2: Ball
3-2: Base on Balls
Batting: LHB José Castillo 0-0: SINGLE (Flyball, 89M)
Pedro Castro to second
Runner from 2nd tries for 3rd, SAFE, no throw
Batting: LHB Marcos Féliz 0-0: Ball
1-0: Ball
2-0: Ball
3-0: Called Strike
3-1: Called Strike
3-2: Fly out, F5 (Popup, 5SF)
Batting: RHB Andrew Lewis 0-0: Ball
1-0: Called Strike
1-1: Foul Ball, location: 2F
1-2: Fly out, F7 (Flyball, 7LS)
Runner from 3rd tags up, SCORES, no throw
Batting: RHB Joe LaFontaine 0-0: Ball
José Castillo is caught stealing 2nd base
Top of the 3rd over - 1 run, 1 hit, 0 errors, 0 left on base; Montgomery 3 - Beaverton 0
BOTTOM OF THE 3RD
Beaverton Bronze Souls batting - Pitching for Montgomery Grey Sox : LHP Pete Shirley
Batting: SHB Teko de Bruin 0-0: Swinging Strike
0-1: Called Strike
0-2: Ball
1-2: Ball
2-2: Strikes out swinging
Batting: RHB Armando García 0-0: Ball
1-0: Swinging Strike
1-1: Ball
2-1: Ball
3-1: Base on Balls
Batting: RHB Owen Parra 0-0: Ball
1-0: Swinging Strike
1-1: Foul Ball, location: 2F
1-2: Foul Ball, location: 2F
1-2: Hit by Pitch
Armando García to second
Batting: RHB Steve Smith 0-0: Called Strike
0-1: Ball
1-1: Ball
2-1: Called Strike
2-2: 3-RUN HOME RUN (Flyball, 7D), Distance : 361 ft
Batting: RHB Marshall Gross 0-0: Ball
1-0: SINGLE (Line Drive, 34D)
Batting: RHB Luis Carranza 0-0: Foul Ball, location: 2F
0-1: Ball
1-1: Foul Ball, location: 2F
1-2: Ball
2-2: Strikes out swinging
Batting: RHB Nathan Smith 0-0: Foul Ball, location: 2F
0-1: Called Strike
0-2: Foul Ball, location: 2F
0-2: Ball
1-2: Ball
2-2: Strikes out swinging
Bottom of the 3rd over - 3 runs, 2 hits, 0 errors, 1 left on base; Montgomery 3 - Beaverton 3
TOP OF THE 4TH
Montgomery Grey Sox batting - Pitching for Beaverton Bronze Souls : RHP Wei-liang Zhuan
Batting: RHB Joe LaFontaine 0-0: Called Strike
0-1: Ball
1-1: Fly out, F7 (Flyball, 78M)
Batting: RHB Julius Farmer 0-0: Called Strike
0-1: Swinging Strike
0-2: SINGLE (Line Drive, 78M)
Batting: LHB Ron Young 0-0: Ball
1-0: Hit by Pitch
Julius Farmer to second
Batting: RHB Randall James 0-0: Called Strike
0-1: Ball
1-1: Ball
2-1: Foul Ball, location: 2F
2-2: Ball
3-2: Foul Ball, location: 2F
3-2: Base on Balls
Julius Farmer to third
Ron Young to second
Batting: RHB Marvin Kidd 0-0: Ball
1-0: SINGLE (Groundball, 56D)
Julius Farmer scores
Ron Young to third
Randall James to second
Runner from 3rd tries for Home, SAFE, no throw
Batting: RHB Pedro Castro 0-0: Ball
1-0: Ball
2-0: Called Strike
Randall James steals 3rd base
Marvin Kidd to second
2-1: Ball
3-1: Base on Balls
Batting: LHB José Castillo 0-0: Called Strike
0-1: Fly out, F9 (Line Drive, 9)
Runner from 3rd tags up, SCORES, throw made
Batting: LHB Marcos Féliz 0-0: Called Strike
0-1: Ball
1-1: Ball
2-1: Foul Ball, location: 2F
2-2: Ground out 5-3 (Groundball, 56S)
Top of the 4th over - 3 runs, 2 hits, 0 errors, 2 left on base; Montgomery 6 - Beaverton 3
BOTTOM OF THE 4TH
Beaverton Bronze Souls batting - Pitching for Montgomery Grey Sox : LHP Pete Shirley
Batting: RHB Salvador Castro 0-0: Ball
1-0: Called Strike
1-1: Ball
2-1: Ground out 6-3 (Groundball, 56)
Batting: RHB Ricardo López 0-0: Foul Ball, location: 2F
0-1: Ball
1-1: Ball
2-1: Fly out, F7 (Flyball, 78S)
Batting: SHB Teko de Bruin 0-0: Ball
1-0: Ball
2-0: Called Strike
2-1: Ground out 6-3 (Groundball, 6)
Bottom of the 4th over - 0 runs, 0 hits, 0 errors, 0 left on base; Montgomery 6 - Beaverton 3
TOP OF THE 5TH
Montgomery Grey Sox batting - Pitching for Beaverton Bronze Souls : RHP Wei-liang Zhuan
Pitching: RHP Octávio García
Batting: RHB Andrew Lewis 0-0: Called Strike
0-1: Called Strike
0-2: DOUBLE (Line Drive, 7LS)
Batting: RHB Joe LaFontaine 0-0: Foul Ball, location: 2F
0-1: Swinging Strike
0-2: Ball
1-2: Ground out U3 (Groundball, 34)
Andrew Lewis to third
Batting: RHB Julius Farmer 0-0: Ball
1-0: Swinging Strike
1-1: Ball
2-1: Swinging Strike
2-2: Ground out 6-3 (Groundball, 6)
Batting: LHB Ron Young 0-0: Called Strike
0-1: Ball
1-1: Called Strike
1-2: Foul Ball, location: 2F
1-2: Ball
2-2: Ball
3-2: Foul Ball, location: 2F
3-2: Base on Balls
Batting: RHB Randall James 0-0: Swinging Strike
0-1: Swinging Strike
0-2: Strikes out swinging
Top of the 5th over - 0 runs, 1 hit, 0 errors, 2 left on base; Montgomery 6 - Beaverton 3
BOTTOM OF THE 5TH
Beaverton Bronze Souls batting - Pitching for Montgomery Grey Sox : LHP Pete Shirley
Batting: RHB Armando García 0-0: Ball
1-0: Ball
2-0: Ball
3-0: Base on Balls
Batting: RHB Owen Parra 0-0: Foul Ball, location: 2F
0-1: Ball
Wild Pitch!
Armando García to second
1-1: Ground out 6-3 (Groundball, 6)
Armando García to third
Batting: RHB Steve Smith 0-0: Ball
1-0: Ground out 5-3 (Groundball, 56)
Armando García scores
Batting: RHB Marshall Gross 0-0: Called Strike
0-1: Swinging Strike
0-2: Ball
1-2: Foul Ball, location: 2F
1-2: Ball
2-2: Ground out 3-1 (Groundball, 34)
Bottom of the 5th over - 1 run, 0 hits, 0 errors, 0 left on base; Montgomery 6 - Beaverton 4
TOP OF THE 6TH
Montgomery Grey Sox batting - Pitching for Beaverton Bronze Souls : RHP Octávio García
Batting: RHB Marvin Kidd 0-0: Called Strike
0-1: Fly out, F7 (Flyball, 7LS)
Batting: RHB Pedro Castro 0-0: Foul Ball, location: 2F
0-1: Ball
1-1: Called Strike
1-2: Strikes out looking
Batting: LHB José Castillo 0-0: Ball
1-0: SINGLE (Groundball, 4MD)
Batting: LHB Marcos Féliz 0-0: SINGLE (Groundball, 56D)
José Castillo to second
Batting: RHB Andrew Lewis 0-0: Ball
1-0: Fielders Choice at 2nd, 5-4 (Groundball, 56)
Top of the 6th over - 0 runs, 2 hits, 0 errors, 2 left on base; Montgomery 6 - Beaverton 4
BOTTOM OF THE 6TH
Beaverton Bronze Souls batting - Pitching for Montgomery Grey Sox : LHP Pete Shirley
Pitching: RHP Calvin Bickly
Batting: RHB Luis Carranza 0-0: Ball
1-0: Foul Ball, location: 2F
1-1: Ball
2-1: Ball
3-1: DOUBLE (Flyball, 78D)
Batting: RHB Nathan Smith 0-0: Foul Ball, location: 2F
0-1: Swinging Strike
0-2: Ball
1-2: Ball
2-2: Foul Ball, location: 2F
2-2: Ball
3-2: Strikes out swinging
Batting: RHB Salvador Castro 0-0: Fly out, F9 (Line Drive, 89S)
Batting: RHB Ricardo López 0-0: Swinging Strike
0-1: Called Strike
0-2: Foul Ball, location: 2F
0-2: Ground out 5-3 (Groundball, 5)
Bottom of the 6th over - 0 runs, 1 hit, 0 errors, 1 left on base; Montgomery 6 - Beaverton 4
TOP OF THE 7TH
Montgomery Grey Sox batting - Pitching for Beaverton Bronze Souls : RHP Octávio García
Batting: RHB Joe LaFontaine 0-0: Ball
1-0: Called Strike
1-1: Foul Ball, location: 2F
1-2: Strikes out swinging
Batting: RHB Julius Farmer 0-0: Called Strike
0-1: Swinging Strike
0-2: Strikes out swinging
Batting: LHB Ron Young 0-0: Called Strike
0-1: Ball
1-1: Ball
2-1: DOUBLE (Flyball, 7LD)
Batting: RHB Randall James 0-0: Ball
1-0: Called Strike
1-1: Ground out 6-3 (Groundball, 6)
Top of the 7th over - 0 runs, 1 hit, 0 errors, 1 left on base; Montgomery 6 - Beaverton 4
BOTTOM OF THE 7TH
Beaverton Bronze Souls batting - Pitching for Montgomery Grey Sox : RHP Calvin Bickly
Batting: SHB Teko de Bruin 0-0: Ball
1-0: Called Strike
1-1: Foul Ball, location: 2F
1-2: SINGLE (Groundball, 3D)
Batting: RHB Armando García 0-0: Called Strike
0-1: Ball
1-1: Ball
2-1: Called Strike
Pickoff Throw by Catcher to First - Error! E2
Teko de Bruin to second
2-2: Ball
3-2: Base on Balls
Batting: RHB Owen Parra 0-0: Called Strike
Teko de Bruin steals 3rd base
Armando García to second
0-1: DOUBLE (Line Drive, 78XD)
Teko de Bruin scores
Armando García scores
Batting: RHB Steve Smith 0-0: Ball
1-0: Foul Ball, location: 2F
1-1: Ball
2-1: Ball
3-1: Foul Ball, location: 2F
3-2: Strikes out swinging
Batting: RHB Marshall Gross 0-0: Called Strike
0-1: Ball
1-1: Foul Ball, location: 2F
1-2: Fly out, F8 (Line Drive, 8RD)
Runner from 2nd tags up, SAFE at 3rd with throw
Batting: RHB Luis Carranza 0-0: Foul Ball, location: 2F
0-1: Ball
1-1: DOUBLE (Line Drive, 78XD)
Owen Parra scores
Pitching: LHP Jared Steele
Batting: RHB Nathan Smith 0-0: Fly out, F9 (Flyball, 89S)
Bottom of the 7th over - 3 runs, 3 hits, 1 error, 1 left on base; Montgomery 6 - Beaverton 7
TOP OF THE 8TH
Montgomery Grey Sox batting - Pitching for Beaverton Bronze Souls : RHP Octávio García
Now at 1B: Jeff Byford
Now in RF: Manuel Félix
Batting: RHB Marvin Kidd 0-0: Ball
1-0: Ball
2-0: Foul Ball, location: 2F
2-1: Foul Ball, location: 2F
2-2: Strikes out looking
Batting: RHB Pedro Castro 0-0: Fly out, F7 (Flyball, 7)
Batting: LHB José Castillo 0-0: Ball
1-0: SINGLE (Groundball, 4D)
Pitching: RHP Wilson Delgado
Batting: LHB Marcos Féliz 0-0: Ball
1-0: Fielders Choice at 2nd, U6 (Groundball, 6M)
Top of the 8th over - 0 runs, 1 hit, 0 errors, 1 left on base; Montgomery 6 - Beaverton 7
BOTTOM OF THE 8TH
Beaverton Bronze Souls batting - Pitching for Montgomery Grey Sox : LHP Jared Steele
Batting: RHB Salvador Castro 0-0: Fly out, F7 (Flyball, 78M)
Batting: RHB Ricardo López 0-0: Foul Ball, location: 2F
0-1: Swinging Strike
0-2: Hit by Pitch
Batting: SHB Teko de Bruin 0-0: Foul Ball, location: 2F
0-1: Called Strike
0-2: Foul Ball, location: 2F
0-2: Strikes out swinging
Batting: RHB Armando García 0-0: Swinging Strike
0-1: Foul Ball, location: 2F
0-2: Strikes out swinging
Bottom of the 8th over - 0 runs, 0 hits, 0 errors, 1 left on base; Montgomery 6 - Beaverton 7
TOP OF THE 9TH
Montgomery Grey Sox batting - Pitching for Beaverton Bronze Souls : RHP Wilson Delgado
Pitching: LHP Javier Barrera
Batting: RHB Andrew Lewis 0-0: Swinging Strike
0-1: Swinging Strike
0-2: Ball
1-2: Strikes out swinging
Pinch Hitting: RHB Dave McGuire 0-0: Called Strike
0-1: Called Strike
0-2: Strikes out swinging
Batting: RHB Julius Farmer 0-0: Foul Ball, location: 2F
0-1: Ball
1-1: Fly out, F7 (Flyball, 7LM)
Top of the 9th over - 0 runs, 0 hits, 0 errors, 0 left on base; Montgomery 6 - Beaverton 7
Saturday, April 7th, 2018 - OOTP Baseball 18.8 Build 76